 Dungeon Crawl Stone Soup version 0.17-a0-1442-g10bb59b (webtiles) character file.

1818744 Raurakos the Black Belt (level 27, 149/149 HPs)
             Began as a Vine Stalker Transmuter on June 24, 2015.
             Was the Champion of Makhleb.
             Escaped with the Orb
             ... and 3 runes on June 27, 2015!
             The game lasted 07:17:40 (60268 turns).

Raurakos the Black Belt (Vine Stalker Transmuter)  Turns: 60268, Time: 07:17:40

Health: 149/149    AC: 32    Str: 17    XL:     27
Magic:  48/48      EV: 25    Int: 18    God:    Makhleb [******]
Gold:   6776       SH:  0    Dex: 25    Spells: 9 memorised, 26 levels left

rFire  + + +     SeeInvis +       - Unarmed
rCold  + . .     Clarity  +     Z - +8 fire dragon armour
rNeg   + . .     SustAt   .     (no shield)
rPois  +         Gourm    .     Y - +3 crown of Dyrovepreva {rElec Int+2 SInv}
rElec  +         Spirit   +     o - +2 cloak {rPois}
rCorr  .         Warding  .     H - +2 pair of gloves of Day {rC+}
rMut   +         Stasis   .     m - +2 pair of boots {run}
MR     ++++.                    v - amulet of resist mutation
Stlth  ..........               F - ring of protection from cold
                                R - ring of Qazlal's Pride {rF++ rN+ EV+3 Slay+6}

@: deflect missiles, quick, incredibly resistant to hostile enchantments,
extremely unstealthy
A: fangs 3, agile 1, clarity, magic resistance 1, regeneration 3, strong 1,
magic shield, antimagic bite, no device heal 3, rot immunity
a: Minor Destruction, Lesser Servant of Makhleb, Major Destruction, Greater
Servant of Makhleb, Renounce Religion
0: Orb of Zot
}: 3/15 runes: decaying, serpentine, silver


You escaped.
You worshipped Makhleb.
Makhleb was exalted by your worship.
You were not hungry.

You visited 10 branches of the dungeon, and saw 53 of its levels.
You visited the Abyss 1 time.
You also visited: Labyrinth, Sewer, Ice Cave and Volcano.

You collected 7680 gold pieces.
You spent 904 gold pieces at shops.

Inventory:

Armour
 m - a +2 pair of boots of running (worn)
 o - a +2 cloak of poison resistance (worn)
 H - the +2 pair of gloves of Day (worn) {rC+}
   (You took it off Nikola on level 4 of the Swamp)

   It protects you from cold.
 Y - the +3 crown of Dyrovepreva (worn) {rElec Int+2 SInv}
   (You found it on level 8 of the Lair of Beasts)

   It affects your intelligence (+2).
   It insulates you from electricity.
   It lets you see invisible.
 Z - a +8 fire dragon armour (worn)
Jewellery
 c - an uncursed ring of protection from magic
 i - an uncursed ring of flight
 p - an uncursed ring of teleportation
 r - the brooch of Shielding {Ward rN+ AC+4 EV+4}
   (You found it on level 5 of the Vaults)

   [amulet of warding]

   It may prevent the melee attacks of summoned creatures.
   It affects your AC (+4).
   It affects your evasion (+4).
   It protects you from negative energy.
 v - an amulet of resist mutation (around neck)
 B - an uncursed amulet of the gourmand
 C - the ring "Utaipnuwk" {-Tele MP+9 Str+4 Int+4 SInv}
   (You found it in a labyrinth)

   [ring of magical power]

   It affects your strength (+4).
   It affects your intelligence (+4).
   It affects your magic capacity (+9).
   It lets you see invisible.
   It prevents most forms of teleportation.
 F - a ring of protection from cold (right hand)
 M - the ring of Wusum {Fire +Blink MR+++ MP+9 Str-5}
   (You found it on level 2 of the Depths)

   [ring of fire]

   It enhances your fire magic, and weakens your ice magic.
   It affects your strength (-5).
   It protects you from fire.
   It makes you vulnerable to cold.
   It affects your resistance to hostile enchantments.
   It affects your magic capacity (+9).
   It lets you blink.
 R - the ring of Qazlal's Pride (left hand) {rF++ rN+ EV+3 Slay+6}
   (You took it off a rakshasa on level 3 of the Depths)

   [ring of evasion]

   It affects your evasion (+3).
   It affects your accuracy and damage with ranged weapons and melee attacks
   (+6).
   It greatly protects you from fire.
   It protects you from negative energy.
 T - a +6 ring of dexterity
 W - a +6 ring of intelligence
Magical devices
 L - a wand of teleportation (6)
Scrolls
 b - 22 scrolls of teleportation
 e - 9 scrolls of magic mapping
 g - 24 scrolls of remove curse
 k - 2 scrolls of enchant armour
 s - 2 scrolls of fear
 u - 11 scrolls of identify
 y - 13 scrolls of recharging
 z - 3 scrolls of blinking
 A - 4 scrolls of amnesia
 E - a scroll of holy word
 Q - 8 scrolls of fog
Potions
 f - 23 potions of curing
 h - 6 potions of invisibility
 n - 8 potions of might
 q - 6 potions of magic
 x - 7 potions of haste
 D - 6 potions of resistance
 G - 4 potions of brilliance
 I - 7 potions of agility
 P - 4 potions of cancellation
 U - 3 potions of cure mutation
 X - 6 potions of berserk rage
Books
 J - a Necronomicon

   Spells                             Type                      Level
   a - Haunt                          Necromancy/Summoning         7
   b - Borgnjor's Revivification      Necromancy                   8
   c - Death's Door                   Charms/Necromancy            8
   d - Necromutation                  Transmutation/Necromancy     8
 K - a book of Enchantments

   Spells                             Type                      Level
   a - Cause Fear                     Hexes                        4
   b - Silence                        Hexes/Air                    5
   c - Deflect Missiles               Charms/Air                   6
   d - Haste                          Charms                       6
   e - Discord                        Hexes                        8
 S - a book of Unlife

   Spells                             Type                      Level
   a - Recall                         Summoning/Translocation      3
   b - Animate Dead                   Necromancy                   4
   c - Control Undead                 Necromancy                   4
   d - Cigotuvi's Embrace             Necromancy                   5
   e - Death Channel                  Necromancy                   6
   f - Simulacrum                     Ice/Necromancy               6
Miscellaneous
 l - 2 phantom mirrors
 O - a fan of gales
 V - a sack of spiders
Comestibles
 a - 5 slices of pizza
 d - 26 bread rations
 j - a beef jerky
 t - 6 meat rations


   Skills:
 - Level 17.0 Fighting
 - Level 10.0 Armour
 + Level 14.5 Dodging
 - Level 20.0 Unarmed Combat
 - Level 20.0 Spellcasting
 - Level 15.0 Charms
 - Level 18.0 Translocations
 - Level 12.0 Transmutations
 - Level 14.4 Air Magic
 - Level 10.1 Invocations


You had 26 spell levels left.
You knew the following spells:

 Your Spells              Type           Power        Failure   Level  Hunger
a - Spider Form           Trmt/Pois      #####.....   2%          3    None
b - Blade Hands           Trmt           ######....   1%          5    ##.....
c - Swiftness             Chrm/Air       ######..     1%          2    None
d - Haste                 Chrm           ######..     2%          6    ####...
e - Controlled Blink      Tloc           N/A          6%          7    ######.
f - Phase Shift           Tloc           ######....   1%          5    ##.....
g - Deflect Missiles      Chrm/Air       ######....   3%          6    ####...
h - Silence               Hex/Air        #####.....   14%         5    ##.....
i - Summon Butterflies    Summ           ###.....     12%         1    None


Dungeon Overview and Level Annotations

Branches:
Dungeon (15/15)            Temple (1/1) D:4            Lair (8/8) D:11
  Swamp (4/4) Lair:3        Snake (4/4) Lair:5        Slime (0/6) Lair:7
    Orc (4/4) D:12            Elf (2/3) Orc:3        Vaults (5/5) D:13
  Crypt (0/3) Vaults:3     Depths (5/5) D:15            Zot (5/5) Depths:5

Altars:
Ashenzari
Dithmenos
Elyvilon
Fedhas
Gozag
Makhleb
Qazlal
Ru
Sif Muna
Vehumet
Xom
Yredelemnul
Zin
The Shining One
Beogh

Shops:
D:7 *   Orc:4 ([:*   Elf:1 [   Elf:2 (:?   Vaults:1 ?   Vaults:2 ?   Vaults:3 !
Vaults:4 :}(   Depths:2 (   Depths:4 ?

Portals:
Hell: Depths:1 Depths:2 Depths:3 Depths:4 Depths:5
Abyss: Depths:4
Pandemonium: Depths:1 Depths:2 Depths:3
Ziggurat: Depths:3
Trove: Vaults:2 (give 22 scrolls of identify)

Annotations:
D:10 exclusion: orc knight
D:11 Josephine
D:12 exclusion: obsidian statue
Lair:6 exclusion: oklob plant
Swamp:4 Lernaean hydra
Elf:2 3 runed doors


Innate Abilities, Weirdness & Mutations

You have razor-sharp teeth.
You regenerate.
When hurt, damage is shared between your health and your magic reserves.
Your bite disrupts and absorbs the magic of your enemies.
Potions and wands cannot restore your health.
You are immune to rotting.
You are agile. (Dex +2)
You possess an exceptional clarity of mind.
You are resistant to hostile enchantments.
Your muscles are strong. (Str +2)


Message History

(P) Snake Pit (M) Slime Pits (O) Orcish Mines (E) Elven Halls (V) Vaults (C) Crypt (U) Depths (H) Hell (Z) Zot
Where to? (Enter - D:1 @ (x,y), ? - help)
You see here a dagger.
You see here 12 arrows.
An ooze comes into view.
The ooze quivers.
You pummel the ooze!!
You kill the ooze!
Makhleb accepts your kill.
(D) Dungeon (T) Temple (L) Lair (S) Swamp (P) Snake Pit (M) Slime Pits (O) Orcish Mines (E) Elven Halls (V) Vaults (C) Crypt (U) Depths (H) Hell (Z) Zot
Where to? (Enter - D:1 @ (x,y), ? - help) As you open the door, it creaks loudly!
There is an open door here.
There is a staircase leading out of the dungeon here.
You have escaped!

...# #.#
#.##.........
)..##########.#
#.##.......##
..............#
#.##.......#
...##########.#
##.######.#.# ####
#.## #.........#.#
#..#####.........#.#
##.....#.........#.#
#.###.#.........#.#
#.'@'.##.######.#.#
#.###.##.# #.#.#
#.....##.# #.#.#
########.# #.#.# #.#
#.#.# #.# #.#.## #.#
#.#... #.# #.####
#.# #.....


There were no monsters in sight!

Vanquished Creatures
  2 ancient liches
  8 orbs of fire (Zot:5)
  Mara (Vaults:5)
  Mennas (Depths:5)
  Sojobo (Depths:2)
  Boris (thrice) (Vaults:3 Depths:4 Depths:5)
  Saint Roka (Depths:2)
  3 curse toes
  2 caustic shrikes (Depths:4)
  2 Killer Klowns (Zot:5)
  8 golden dragons
  Nikola (Swamp:4)
  the Enchantress (Depths:4)
  A lich (Vaults:5)
  3 electric golems
  Jorgrun (Depths:5)
  Rupert (D:13)
  15 tentacled monstrosities
  An Ice Fiend (Depths:5)
  27 Orb Guardians
  2 quicksilver dragons (Vaults:5)
  An acid blob (shapeshifter) (Depths:3)
  5 acid blobs (Zot:4)
  5 titans (Vaults:5)
  3 tentacled starspawn (Abyss:1)
  11 tengu reavers
  18 storm dragons
  A thorn hunter (Swamp:3)
  5 shadow dragons
  7 sphinxes
  5 draconian monks
  Wiglaf (Vaults:3)
  4 greater nagas
  11 frost giants
  3 ghost moths
  The ghost of herpmino the Severer, a mighty DsBe of Trog (Swamp:4)
  9 draconian knights
  10 fire giants
  17 vault wardens
  4 deep elf sorcerers
  4 iron dragons
  2 orc warlords (Vaults:5)
  6 draconian scorchers
  Louise (Depths:4)
  5 draconian zealots
  4 draconian shifters
  15 ironheart preservers
  6 war gargoyles
  3 draconian annihilators
  A reaper (Abyss:1)
  24 stone giants
  5 spriggan defenders (Depths:4)
  A starcursed mass (Abyss:1)
  8 green draconians
  2 deep elf annihilators
  6 very ugly things
  6 draconian callers
  3 lorocyprocas
  2 vampire knights (Vaults:3)
  A deep elf demonologist (Vaults:5)
  5 purple draconians
  4 black draconians
  8 red draconians
  A dire elephant (shapeshifter) (Vaults:5)
  20 yellow draconians
  15 mottled draconians
  5 white draconians
  3 deep elf death magi
  16 ettins
  A crystal guardian (Depths:3)
  Erolcha (D:11)
  8 death cobs
  8 great orbs of eyes
  14 fire dragons
  32 vault guards
  4 deep elf high priests
  3 fire dragons (shapeshifter) (Depths:3)
  A minotaur (Lab)
  A minotaur (shapeshifter) (Depths:3)
  27 yaktaur captains
  3 rakshasas
  A catoblepas (D:13)
  4 spriggan air magi
  An ice dragon (shapeshifter) (Depths:3)
  11 naga warriors
  12 ogre magi
  2 entropy weavers
  2 ghost crabs
  The ghost of bal the Nimble, a powerful DsGl of Gozag (Lair:3)
  An entropy weaver (shapeshifter) (Depths:4)
  18 ice dragons
  18 hydras
  10 anacondas
  Erica (Orc:1)
  8 centaur warriors
  11 alligators
  5 dancing weapons
  4 salamander stormcallers
  An alligator (shapeshifter) (Depths:3)
  6 deep troll shamans
  3 death yaks (Lair:8)
  A shock serpent (shapeshifter) (D:13)
  8 deep troll earth magi
  A hell knight (Depths:3)
  A thrashing horror (Abyss:1)
  4 tengu warriors
  Urug (D:13)
  A soul eater (Abyss:1)
  11 naga sharpshooters
  4 spriggan berserkers
  The ghost of Zooty the Gouger, a powerful FeWn of Ashenzari (Lair:3)
  8 shock serpents
  A fire crab (shapeshifter) (D:13)
  A sun demon (Zot:4)
  14 spriggans
  A shadow wraith (Vaults:4)
  An iron troll (Depths:4)
  A wretched star (Abyss:1)
  3 fire crabs
  14 deep elf knights
  A golden dragon zombie (Depths:1)
  A spriggan druid (Swamp:4)
  24 deep trolls
  A giant orange brain (Depths:4)
  3 flayed ghosts
  4 unseen horrors
  7 salamander mystics
  An ice devil (IceCv)
  7 deep elf summoners
  2 ice statues (IceCv)
  4 harpies (Vaults:3)
  6 shambling mangroves
  9 swamp dragons
  7 naga ritualists
  A hill giant (shapeshifter) (Vaults:5)
  14 ironbrand convokers
  7 wizards
  A phantasmal warrior (Vaults:5)
  7 orc knights
  8 hill giants
  4 necromancers
  9 deep elf conjurers
  A tengu skeleton (Vaults:2)
  The ghost of Fluffy the Abyss-Baptised, an experienced DsAK of Lugonu (D:5)
  3 orc sorcerers
  11 cyclopes
  3 oklob plants (Zot:4)
  4 wolf spiders
  A stone giant zombie (Depths:1)
  39 black mambas
  15 salamanders
  18 moths of wrath
  4 manticores
  A water nymph (shapeshifter) (Elf:2)
  50 ugly things
  A shining eye (shapeshifter) (Vaults:5)
  5 griffons
  7 mana vipers
  2 octopodes (shapeshifter)
  3 toenail golems (Volcano)
  A stone giant skeleton (Vaults:2)
  7 hornets
  19 vault sentinels
  4 guardian serpents
  2 rust devils
  A moth of wrath (shapeshifter) (Depths:2)
  12 naga magi
  38 spiny frogs
  22 elephants
  2 gargoyles (D:15)
  A torpor snail (shapeshifter) (Depths:3)
  2 smoke demons
  A hellion (D:10)
  2 efreet
  71 yaktaurs
  A guardian serpent (shapeshifter) (Vaults:5)
  2 black mambas (shapeshifter) (Vaults:5)
  An orange demon (Zot:5)
  A kobold demonologist (D:15)
  A fire drake (shapeshifter) (Depths:1)
  3 fire drakes
  A tengu conjurer (Depths:1)
  7 komodo dragons
  8 deep elf priests
  3 freezing wraiths
  A jumping spider (shapeshifter) (Elf:2)
  6 giant leeches
  A queen bee (D:8)
  2 minotaur zombies (Lab)
  7 trolls
  7 blue devils
  4 polar bears
  A fire vortex (Depths:4)
  A slime creature (shapeshifter) (Depths:2)
  30 blink frogs
  2 fire giant simulacra
  4 bog bodies
  A snapping turtle (shapeshifter) (Vaults:5)
  6 boulder beetles
  A raiju (shapeshifter) (Vaults:5)
  A wyvern (D:14)
  2 centaur simulacra
  18 two-headed ogres
  39 slime creatures
  A ynoxinul (Zot:4)
  3 air elementals (Depths:4)
  A tarantella (shapeshifter) (Depths:5)
  A trapdoor spider (shapeshifter) (Vaults:1)
  7 redbacks
  2 vampires (Vaults:3)
  2 trapdoor spiders
  17 deep elf magi
  31 vampire mosquitoes
  75 yaks
  2 spriggans (shapeshifter)
  2 basilisks (shapeshifter)
  A golden eye (shapeshifter) (Vaults:1)
  2 wraiths
  2 basilisks
  2 shadows
  A fire elemental (Depths:4)
  9 hippogriffs
  29 deep elf fighters
  A salamander skeleton (Vaults:2)
  A wolf (shapeshifter) (Vaults:5)
  15 wolves
  A harpy simulacrum (Depths:3)
  6 humans (Volcano)
  A soldier ant (D:13)
  A hippogriff (shapeshifter) (Vaults:2)
  A hungry ghost (D:13)
  7 insubstantial wisps
  18 swamp worms
  A warg (shapeshifter) (Vaults:5)
  15 water moccasins
  A chaos spawn (Zot:1)
  8 wargs
  7 porcupines
  A mottled dragon (Vaults:1)
  25 orc warriors
  49 nagas
  3 sky beasts
  19 swamp drakes
  An ettin simulacrum (Vaults:1)
  20 ice beasts
  5 phantoms
  3 black bears
  51 ogres
  An eye of draining (D:14)
  4 large abominations
  11 boggarts
  18 wasps
  20 centaurs
  10 crocodiles
  A necrophage (D:13)
  4 big kobolds
  2 brain worms
  41 giant frogs
  A wyvern skeleton (D:14)
  A wyvern zombie (D:11)
  27 killer bees
  9 wights
  6 scorpions
  7 electric eels
  A quasit (Abyss:1)
  4 crimson imps
  A giant frog zombie (D:7)
  2 draconian simulacra (IceCv)
  22 jellies
  7 hounds
  An iron imp (Depths:1)
  3 centaur skeletons
  3 centaur zombies
  5 giant frog skeletons
  A hell rat (D:11)
  23 orc priests
  30 orc wizards
  5 iguanas
  10 worker ants
  3 troll simulacra (IceCv)
  4 sheep (D:14)
  2 giant frog simulacra (D:11)
  3 hound zombies
  A naga simulacrum (IceCv)
  61 river rats
  17 adders
  3 gnolls
  3 ogre simulacra (IceCv)
  3 shadow imps
  8 white imps
  A worker ant simulacrum (D:11)
  2 ufetubi (D:11)
  2 oozes
  An adder zombie (D:6)
  3 adder skeletons
  3 worms
  7 giant geckos
  176 orcs
  8 ball pythons
  2 bat skeletons (D:4)
  2 bat zombies
  16 giant cockroaches
  24 goblins
  24 hobgoblins
  3 quokkas
  14 bats
  2 giant gecko skeletons
  A giant gecko zombie (D:7)
  13 giant newts
  13 jackals
  28 kobolds
  2 quokka skeletons
  A quokka zombie (D:8)
  14 rats
  3 crawling corpses
  3 fungi
  A starspawn tentacle (Abyss:1)
2541 creatures vanquished.

Vanquished Creatures (collateral kills)
  Frederick (Vaults:3)
  An orc warlord (Orc:4)
  A stone giant (Orc:4)
  A vault guard (Vaults:5)
  8 hydras
  2 spriggans
  A spriggan druid (Swamp:4)
  2 swamp dragons
  A manticore (shapeshifter) (D:13)
  An orc sorcerer (Orc:4)
  2 elephants (Lair:7)
  A cyclops (Orc:4)
  A yaktaur (Vaults:3)
  2 fire drakes
  A blink frog (Lair:2)
  A yak (Lair:6)
  A vampire mosquito (Swamp:4)
  2 wasps
  A water moccasin (Lair:2)
  2 swamp drakes (Swamp:4)
  A crocodile (Lair:1)
  A draconian simulacrum (IceCv)
  An iguana (Lair:3)
  4 river rats
40 creatures vanquished.

Vanquished Creatures (others)
  An ancient lich (Zot:5)
  A yellow draconian (Zot:1)
  A deep elf annihilator (Depths:3)
  An alligator (Swamp:3)
  A salamander stormcaller (Vaults:4)
  An ogre mage (Vaults:4)
  A lindwurm (shapeshifter) (Vaults:5)
  A moth of wrath (Zot:5)
  2 fire vortices
  A spriggan (Swamp:4)
  A giant frog (Lair:7)
  3 river rats (Lair:7)
  An orc (Vaults:5)
  7 fungi (Lair:8)
  8 plants
  5 starspawn tentacles (Abyss:1)
  7 toadstools (Swamp:3)
43 creatures vanquished.

Grand Total: 2624 creatures vanquished

Notes
Turn   | Place    | Note
--------------------------------------------------------------
     0 | D:1      | Raurakos the Vine Stalker Transmuter began the quest for the Orb.
     0 | D:1      | Reached XP level 1. HP: 9/9 MP: 4/4
   242 | D:1      | Reached XP level 2. HP: 10/14 MP: 4/6
   822 | D:1      | Reached skill level 4 in Unarmed Combat
   995 | D:2      | Reached XP level 3. HP: 13/17 MP: 7/7
  1205 | D:2      | Found a glowing silver altar of Zin.
  1205 | D:2      | Found a deep blue altar of Sif Muna.
  1890 | D:3      | Learned a level 3 spell: Spider Form
  1984 | D:3      | Reached XP level 4. HP: 18/21 MP: 6/8
  2073 | D:3      | Found a shattered altar of Ashenzari.
  2146 | D:3      | Reached skill level 5 in Unarmed Combat
  2500 | D:3      | Found a shimmering altar of Xom.
  2597 | D:2      | Reached XP level 5. HP: 22/25 MP: 9/9
  2905 | D:3      | Reached skill level 6 in Unarmed Combat
  3058 | D:4      | Gained mutation: You heal very quickly. [Vine Stalker growth]
  3058 | D:4      | Reached XP level 6. HP: 25/29 MP: 10/10
  3082 | D:4      | Found a glowing drain.
  3186 | D:4      | Reached skill level 7 in Unarmed Combat
  3197 | Sewer    | Entered a sewer
  3520 | Sewer    | Reached XP level 7. HP: 25/32 MP: 11/11
  3826 | D:4      | Reached skill level 8 in Unarmed Combat
  3897 | D:4      | Found a white marble altar of Elyvilon.
  3975 | D:4      | Learned a level 5 spell: Blade Hands
  3991 | D:4      | Found a stormy altar of Qazlal.
  4177 | D:4      | Found a staircase to the Ecumenical Temple.
  4183 | Temple   | Entered the Ecumenical Temple
  4191 | Temple   | Became a worshipper of Makhleb the Destroyer
  4236 | D:4      | Noticed an ogre
  4290 | D:4      | Killed an ogre
  4443 | D:5      | Entered Level 5 of the Dungeon
  4445 | D:5      | Found a shattered altar of Ashenzari.
  4445 | D:5      | Noticed Fluffy's ghost (experienced DsAK)
  4660 | D:5      | Reached skill level 9 in Unarmed Combat
  4835 | D:5      | Gained mutation: You have razor-sharp teeth. [Vine Stalker growth]
  4835 | D:5      | Reached XP level 8. HP: 31/37 MP: 12/12
  5000 | D:5      | Found a radiant altar of Vehumet.
  5167 | D:5      | Killed Fluffy's ghost
  5405 | D:6      | Acquired Makhleb's first power
  5867 | D:6      | Found a sacrificial altar of Ru.
  6151 | D:7      | Reached XP level 9. HP: 22/40 MP: 6/13
  6344 | D:7      | Found Anighip's Assorted Antiques.
  6352 | D:7      | Bought a runed leather armour for 68 gold pieces
  6591 | D:7      | Acquired Makhleb's second power
  7078 | D:7      | Upgraded the game from 0.17-a0-1421-g95311d7 to 0.17-a0-1430-g49fde19
  7231 | D:8      | Reached skill level 10 in Transmutations
  7365 | D:8      | Found a shattered altar of Ashenzari.
  7510 | D:8      | Gained mutation: Your body sometimes deteriorates upon taking damage. [potion of mutation]
  7510 | D:8      | Gained mutation: Your spells are a little easier to cast, but a little less powerful. [potion of mutation]
  7510 | D:8      | Gained mutation: You are agile. (Dex +2) [potion of mutation]
  7511 | D:8      | Lost mutation: Your spells are a little easier to cast, but a little less powerful. [potion of cure mutation]
  7511 | D:8      | Lost mutation: Your body sometimes deteriorates upon taking damage. [potion of cure mutation]
  7532 | D:8      | Reached XP level 10. HP: 44/44 MP: 12/14
  7543 | D:8      | Acquired Makhleb's third power
  7666 | D:8      | Reached skill level 5 in Dodging
  8073 | D:8      | Acquired Makhleb's fourth power
  8321 | D:9      | Identified the Guide on Necromancy and Confrontation
  8540 | D:9      | Found a shadowy altar of Dithmenos.
  9194 | D:9      | Reached skill level 1 in Invocations
  9284 | D:9      | Acquired Makhleb's fifth power
  9415 | D:9      | Reached XP level 11. HP: 45/48 MP: 9/16
  9460 | D:10     | Entered Level 10 of the Dungeon
  9763 | D:10     | Noticed a hill giant
  9796 | D:10     | Killed a hill giant
  9969 | D:10     | Noticed an orc knight
 10132 | D:10     | Reached skill level 5 in Invocations
 10576 | D:11     | Found a staircase to the Lair.
 10732 | D:10     | Noticed a wizard
 10761 | D:10     | Killed a wizard
 10812 | D:11     | Noticed Erolcha
 11027 | D:11     | Killed Erolcha
 11562 | D:11     | Gained mutation: You regenerate. [Vine Stalker growth]
 11562 | D:11     | Reached XP level 12. HP: 31/52 MP: 5/20
 11708 | D:11     | Reached skill level 10 in Invocations
 11729 | D:11     | Noticed Josephine
 11926 | Lair:1   | Entered Level 1 of the Lair of Beasts
 12154 | Lair:1   | Gained mutation: Your muscles are strong. (Str +2) [potion of beneficial mutation]
 12155 | Lair:1   | Gained mutation: You possess an exceptional clarity of mind. [potion of beneficial mutation]
 12162 | Lair:1   | Noticed a six-headed hydra
 12171 | Lair:1   | Killed a six-headed hydra
 12459 | Lair:1   | Reached skill level 10 in Unarmed Combat
 12814 | Lair:2   | Identified a +2 pair of boots of running (You found it on level 2 of the Lair of Beasts)
 12897 | Lair:2   | Reached skill level 11 in Unarmed Combat
 12923 | Lair:2   | Noticed a four-headed hydra
 12931 | Lair:2   | Killed a four-headed hydra
 13514 | Lair:3   | Found a staircase to the Swamp.
 13549 | Lair:3   | Found a frozen archway.
 13606 | Lair:3   | Reached skill level 12 in Unarmed Combat
 13637 | IceCv    | Entered an ice cave
 13744 | IceCv    | Reached XP level 13. HP: 56/56 MP: 21/21
 13883 | IceCv    | Reached skill level 13 in Unarmed Combat
 14079 | Lair:3   | Noticed Zooty's ghost (powerful FeWn)
 14086 | Lair:3   | Killed Zooty's ghost
 14221 | Lair:3   | Noticed an eight-headed hydra
 14285 | Lair:3   | Noticed bal's ghost (powerful DsGl)
 14622 | Lair:3   | Reached skill level 14 in Unarmed Combat
 14670 | Lair:3   | Killed an eight-headed hydra
 14670 | Lair:3   | Reached skill level 1 in Fighting
 14807 | Lair:4   | Found a labyrinth entrance.
 14816 | Lab      | Entered a labyrinth
 15204 | Lab      | Noticed a minotaur
 15209 | Lab      | Killed a minotaur
 15218 | Lab      | Got a smoking pewter ring
 15219 | Lab      | Got a jewelled short sword
 15219 | Lab      | Got a distressingly furry plate armour
 15260 | Lair:4   | Identified the +6 short sword "Ysaroi" {elec, rElec rF++ Dex-3} (You found it in a labyrinth)
 15459 | Lair:4   | Reached skill level 5 in Fighting
 16458 | Lair:5   | Found a staircase to the Snake Pit.
 16481 | Lair:5   | Reached XP level 14. HP: 73/73 MP: 22/22
 17773 | Lair:6   | Reached skill level 10 in Fighting
 17843 | Lair:6   | Identified the ring "Utaipnuwk" {-Tele MP+9 Str+4 Int+4 SInv} (You found it in a labyrinth)
 17962 | Lair:6   | Reached skill level 5 in Spellcasting
 18897 | Lair:7   | Found a staircase to the Slime Pits.
 19280 | Lair:8   | Entered Level 8 of the Lair of Beasts
 19801 | Lair:8   | Reached skill level 10 in Spellcasting
 19802 | Lair:8   | Reached XP level 15. HP: 80/80 MP: 27/30
 19841 | Lair:8   | Found a dark tunnel.
 19867 | Volcano  | Entered a volcano
 20110 | Volcano  | Identified the +0 plate armour of Nurghew {rElec Str-4 SInv Stlth-} (You found it in a labyrinth)
 20231 | Lair:8   | Reached skill level 1 in Armour
 21531 | D:12     | Found a shimmering altar of Xom.
 21687 | D:12     | Got a jewelled plate armour
 21698 | D:12     | Identified the +2 plate armour "Hieloi Pucu" {rF+ rC+ Int-3} (You found it on level 12 of the Dungeon)
 21752 | D:12     | Found a staircase to the Orcish Mines.
 21758 | Orc:1    | Entered Level 1 of the Orcish Mines
 22106 | Orc:2    | Found a roughly hewn altar of Beogh.
 22663 | Orc:1    | Noticed Erica
 22671 | Orc:1    | Killed Erica
 22744 | Orc:3    | Found a staircase to the Elven Halls.
 23299 | Orc:4    | Entered Level 4 of the Orcish Mines
 23299 | Orc:4    | Found Qaupn's General Store.
 23653 | Orc:4    | Found Ymneinn's Book Boutique.
 23738 | Orc:4    | Paralysed by an orc sorcerer for 6 turns
 23950 | Orc:4    | Reached skill level 15 in Unarmed Combat
 24176 | Orc:4    | Found Emuo's Antique Armour Boutique.
 24193 | Orc:4    | Reached skill level 5 in Armour
 24537 | Orc:4    | Found Foegg's Antique Weapon Shop.
 25242 | D:13     | Noticed Urug
 25276 | D:13     | Killed Urug
 25489 | D:13     | Noticed Rupert
 25492 | D:13     | Reached XP level 16. HP: 85/85 MP: 32/32
 25736 | D:13     | Found a gate to the Vaults.
 25804 | D:13     | Killed Rupert
 26652 | D:14     | Got a pair of polished boots
 26663 | D:14     | Identified the +3 pair of boots "Xureelo" {rN+ Dex+5} (You found it on level 14 of the Dungeon)
 27044 | D:15     | Entered Level 15 of the Dungeon
 27676 | D:15     | Reached skill level 10 in Dodging
 27984 | D:15     | Found a staircase to the Depths.
 28426 | Snake:1  | Entered Level 1 of the Snake Pit
 28483 | Snake:1  | Gained mutation: You are resistant to hostile enchantments. [potion of beneficial mutation]
 28815 | Snake:1  | Reached skill level 16 in Unarmed Combat
 29110 | Snake:1  | Found a white marble altar of Elyvilon.
 29176 | Snake:1  | Reached XP level 17. HP: 66/90 MP: 26/33
 30070 | Snake:3  | Found a white marble altar of Elyvilon.
 30622 | Snake:4  | Entered Level 4 of the Snake Pit
 32397 | Snake:4  | Reached XP level 18. HP: 98/98 MP: 27/34
 32638 | Snake:4  | Got a serpentine rune of Zot
 32887 | Lair:3   | Cast into the Abyss (bal's ghost)
 33023 | Abyss:1  | Reached skill level 17 in Unarmed Combat
 33024 | Abyss:1  | Noticed a lich
 33260 | Lair:3   | Escaped the Abyss
 33310 | Lair:3   | Killed bal's ghost
 33478 | Swamp:1  | Entered Level 1 of the Swamp
 34142 | Swamp:1  | Reached skill level 18 in Unarmed Combat
 35153 | Swamp:2  | Upgraded the game from 0.17-a0-1430-g49fde19 to 0.17-a0-1435-geafbe2f
 35310 | Swamp:3  | Reached skill level 10 in Armour
 35566 | Swamp:3  | Learned a level 2 spell: Swiftness
 35928 | Swamp:3  | Reached XP level 19. HP: 102/102 MP: 30/35
 36016 | Swamp:4  | Entered Level 4 of the Swamp
 36113 | Swamp:4  | Noticed herpmino's ghost (mighty DsBe)
 36131 | Swamp:4  | Killed herpmino's ghost
 36332 | Swamp:4  | Noticed Nikola
 36735 | Swamp:4  | Reached skill level 19 in Unarmed Combat
 37052 | Swamp:4  | Killed Nikola
 37054 | Swamp:4  | Got a pair of fine gloves
 37059 | Swamp:4  | Identified the +2 pair of gloves of Day {rC+} (You took it off Nikola on level 4 of the Swamp)
 37066 | Swamp:4  | Noticed the 27-headed Lernaean hydra
 37430 | Swamp:4  | Got a decaying rune of Zot
 37700 | Elf:1    | Entered Level 1 of the Elven Halls
 38306 | Elf:1    | Found Fassodio's Antique Armour Boutique.
 38657 | Elf:2    | Got an ancient ring mail
 38664 | Elf:2    | Identified the +1 ring mail of Weiqe {rElec Str+2 Stlth-} (You found it on level 2 of the Elven Halls)
 38736 | Elf:2    | Found Baretihu's Magic Scroll Boutique.
 38741 | Elf:2    | Bought a scroll of teleportation for 45 gold pieces
 38741 | Elf:2    | Bought 2 scrolls of teleportation for 90 gold pieces
 38842 | Elf:2    | Found a runed gate.
 38843 | Elf:2    | Found a runed gate.
 38844 | Elf:2    | Found a runed gate.
 38925 | Elf:2    | Found Nyn Ugips's Antique Weapon Shop.
 38972 | Elf:2    | Found Byrrus's Book Emporium.
 39309 | Vaults:1 | Entered Level 1 of the Vaults
 39875 | Vaults:1 | Reached XP level 20. HP: 109/109 MP: 37/37
 40306 | Vaults:1 | Found Utoliqav's Magic Scroll Boutique.
 40325 | Vaults:1 | Bought a scroll of teleportation for 57 gold pieces
 40325 | Vaults:1 | Bought a scroll of teleportation for 57 gold pieces
 40325 | Vaults:1 | Bought a scroll of blinking for 142 gold pieces
 40927 | Vaults:2 | Found Akuvil's Magic Scroll Emporium.
 41506 | Vaults:2 | Reached skill level 1 in Charms
 41816 | Vaults:2 | Got a brightly glowing dire flail
 41851 | Vaults:2 | Reached skill level 5 in Charms
 41963 | Vaults:2 | Learned a level 6 spell: Haste
 42185 | Vaults:2 | Found a portal to a secret trove of treasure.
 42727 | Vaults:3 | Found Qainyj's Distillery.
 42727 | Vaults:3 | Noticed Boris
 42742 | Vaults:3 | Killed Boris
 42750 | Vaults:3 | Bought a potion of cancellation for 128 gold pieces
 42750 | Vaults:3 | Bought a potion of cancellation for 128 gold pieces
 42813 | Vaults:3 | Reached XP level 21. HP: 113/115 MP: 33/38
 42917 | Vaults:3 | Found a staircase to the Crypt.
 43085 | Vaults:3 | Noticed Wiglaf
 43091 | Vaults:3 | Killed Wiglaf
 43145 | Vaults:3 | Noticed Frederick
 43183 | Vaults:3 | Killed Frederick
 43540 | Vaults:4 | Found Asurgh's Antique Weapon Emporium.
 43644 | Vaults:4 | Learned a level 7 spell: Controlled Blink
 43854 | Vaults:4 | Found Baciug's Book Emporium.
 43942 | Vaults:4 | Found Utuuroamp's Gadget Shop.
 44196 | Vaults:4 | Reached skill level 10 in Charms
 44951 | Depths:1 | Entered Level 1 of the Depths
 45417 | Depths:1 | Found a one-way gate leading to the halls of Pandemonium.
 45913 | Depths:1 | Found a gateway to Hell.
 46622 | Depths:2 | Reached XP level 22. HP: 107/120 MP: 35/39
 46626 | Depths:2 | Noticed Saint Roka
 46636 | Depths:2 | Found Icahat's Weapon Shoppe.
 46710 | Depths:2 | Killed Saint Roka
 46933 | Depths:2 | Got a heavily runed golden ring
 46934 | Depths:2 | Identified the ring of Wusum {Fire +Blink MR+++ MP+9 Str-5} (You found it on level 2 of the Depths)
 47136 | Depths:2 | Noticed Sojobo
 47172 | Depths:2 | Killed Sojobo
 47540 | Depths:3 | Reached skill level 15 in Charms
 47558 | Depths:3 | Reached skill level 1 in Translocations
 47595 | Depths:3 | Got a faintly glowing bronze ring
 47739 | Depths:3 | Noticed an ancient lich
 47765 | Depths:3 | Killed an ancient lich
 47765 | Depths:3 | Reached skill level 5 in Translocations
 48099 | Depths:3 | Found a gateway to a ziggurat.
 48572 | Depths:4 | Reached XP level 23. HP: 124/124 MP: 35/40
 48621 | Depths:4 | Noticed Boris
 48642 | Depths:4 | Killed Boris
 48642 | Depths:4 | Reached skill level 10 in Translocations
 48656 | Depths:4 | Found Pojun's Magic Scroll Emporium.
 48664 | Depths:4 | Bought a scroll of blinking for 135 gold pieces
 48664 | Depths:4 | Bought a scroll of teleportation for 54 gold pieces
 48754 | Depths:4 | Found a one-way gate to the infinite horrors of the Abyss.
 48758 | Depths:4 | Noticed Louise
 48778 | Depths:4 | Killed Louise
 49017 | Depths:4 | Noticed the Enchantress
 49071 | Depths:4 | Killed the Enchantress
 49096 | Depths:4 | Got a faerie dragon armour
 49097 | Depths:4 | Identified the ring of Qazlal's Pride {rF++ rN+ EV+3 Slay+6} (You took it off a rakshasa on level 3 of the Depths)
 49130 | Depths:4 | Noticed a caustic shrike
 49135 | Depths:4 | Killed a caustic shrike
 49152 | Depths:4 | Identified the +4 faerie dragon armour {rPois Stlth+} (You took it off the Enchantress on level 4 of the Depths)
 49382 | Depths:4 | Noticed a caustic shrike
 49388 | Depths:4 | Killed a caustic shrike
 49827 | Depths:5 | Entered Level 5 of the Depths
 49888 | Depths:5 | Noticed Jorgrun
 49942 | Depths:5 | Killed Jorgrun
 50045 | Depths:5 | Found a gate to the Realm of Zot.
 50156 | Depths:5 | Noticed Boris
 50168 | Depths:5 | Killed Boris
 50338 | Depths:5 | Reached skill level 15 in Translocations
 50452 | Depths:5 | Found a glowing golden altar of the Shining One.
 50504 | Depths:5 | Noticed Mennas
 50523 | Depths:5 | Killed Mennas
 50523 | Depths:5 | Reached XP level 24. HP: 129/129 MP: 31/40
 51161 | Vaults:5 | Entered Level 5 of the Vaults
 51911 | Vaults:5 | Reached XP level 25. HP: 133/133 MP: 39/40
 51914 | Vaults:5 | Reached skill level 20 in Unarmed Combat
 52012 | Vaults:5 | Noticed Mara
 52018 | Vaults:5 | Noticed Raurakos's illusion
 52021 | Vaults:5 | Killed Mara
 52255 | Vaults:5 | Reached skill level 15 in Fighting
 52562 | Vaults:5 | Got a pair of steaming boots
 52563 | Vaults:5 | Identified the +1 pair of boots of Iclueg {rPois Str+8 Dex-5 SInv} (You found it on level 5 of the Vaults)
 52590 | Vaults:5 | Learned a level 5 spell: Phase Shift
 52709 | Vaults:5 | Upgraded the game from 0.17-a0-1435-geafbe2f to 0.17-a0-1442-g10bb59b
 52969 | Vaults:5 | Got a transparent turquoise ring
 52971 | Vaults:5 | Got a silver rune of Zot
 52977 | Vaults:5 | Identified the ring "Obiqek" {rN+ Int+4} (You took it off a yaktaur on level 5 of the Vaults)
 53003 | Vaults:5 | Learned a level 6 spell: Deflect Missiles
 53009 | Vaults:5 | Learned a level 5 spell: Silence
 53024 | Vaults:5 | Got a steaming tin ring
 53025 | Vaults:5 | Identified the ring "Wuewyn" {Fire rElec Str-5 Dex+5 Stlth+} (You found it on level 5 of the Vaults)
 53100 | Vaults:5 | Got a pair of pitted boots
 53111 | Vaults:5 | Identified the +1 pair of boots "Lotech" {rN+ Slay+2 SInv} (You found it on level 5 of the Vaults)
 53197 | Vaults:5 | Identified the Compendium of the Entourage
 53200 | Vaults:5 | Learned a level 1 spell: Summon Butterflies
 54035 | Zot:1    | Entered Level 1 of the Realm of Zot
 54482 | Zot:1    | Reached XP level 26. HP: 145/145 MP: 41/41
 55370 | Zot:2    | Reached skill level 15 in Spellcasting
 55432 | Zot:2    | Identified the Guide on Destructive Bewitchment (You found it on level 2 of the Realm of Zot)
 57690 | Zot:4    | Identified a scroll of acquirement
 57978 | Zot:4    | Reached XP level 27. HP: 117/149 MP: 38/46
 58458 | Zot:5    | Entered Level 5 of the Realm of Zot
 58903 | Zot:5    | Reached skill level 1 in Air Magic
 58933 | Zot:5    | Noticed an orb of fire
 58942 | Zot:5    | Noticed an orb of fire
 58943 | Zot:5    | Killed an orb of fire
 58946 | Zot:5    | Reached skill level 5 in Air Magic
 58962 | Zot:5    | Killed an orb of fire
 59187 | Zot:5    | Noticed an orb of fire
 59203 | Zot:5    | Killed an orb of fire
 59203 | Zot:5    | Reached skill level 10 in Air Magic
 59253 | Zot:5    | Noticed an orb of fire
 59257 | Zot:5    | Noticed an orb of fire
 59260 | Zot:5    | Killed an orb of fire
 59261 | Zot:5    | Noticed an orb of fire
 59269 | Zot:5    | Killed an orb of fire
 59280 | Zot:5    | Noticed an orb of fire
 59285 | Zot:5    | Killed an orb of fire
 59295 | Zot:5    | Killed an orb of fire
 59339 | Zot:5    | Noticed an ancient lich
 59339 | Zot:5    | Noticed an ancient lich
 59374 | Zot:5    | Killed an ancient lich
 59386 | Zot:5    | Killed an ancient lich
 59497 | Zot:5    | Got the Orb of Zot
 59503 | Zot:5    | Noticed an orb of fire
 59512 | Zot:5    | Killed an orb of fire
 59713 | Zot:1    | Noticed a seraph
 59986 | D:10     | Noticed a salamander stormcaller
 60268 | D:$      | Escaped with the Orb!

Vault maps used:
D:1:      dpeg_arrival_tiny_d
D:2:      minitemple, first_bread, kennysheep_generic_room_5
D:3:      nicolae_overflow_crystal_walls, nicolae_ashenzari_panopticon
D:4:      lemuel_crystal_altar, elyvilon_altar_5,
          minmay_temple_entry_enclosed_plants, gup_sewer_entry_glass,
          minmay_three_crescents
D:5:      grunt_temple_overflow_open, minmay_misc_feat_enclosed
D:6:      st_stairs_4, nicolae_ru_path_of_blood
D:7:      serial_shops, shop
D:8:      basic_altar, david_nohive_1
D:9:      nicolae_dithmenos_through_a_glass_darkly
D:10:     minmay_curly_fans, lightli_wizard_tower
D:11:     dpeg_lair_monsters, serial_ice, serial_ice_b, serial_ice_h,
          serial_ice_o, serial_ice_a, serial_ice_j, serial_ice_c, serial_ice_g,
          serial_ice_m, serial_ice_e, serial_ice_f, uniq_erolcha, uniq_josephine
D:12:     orc_0_dummy, basic_altar, minmay_protected_statue
D:13:     david_vaults_2, amalloy_card_club, uniq_rupert, uniq_urug
D:15:     grunt_enter_depths_snipers, serial_bayou_lagoon_a
Temple:   circular_temple_12
Lair:2:   grunt_megastairs_3
Lair:3:   minmay_swamp_entry_reptiles, portal_ice_cave_entry_ice_beasts
Lair:4:   lab_entry_generic
Lair:5:   dummy_snake_entry, infiniplex_staircase_pool_2
Lair:6:   minmay_lair_oklob_chamber, beast_lair_carwin_9
Lair:7:   nicolae_slime_entry_slimehenge, minmay_holes,
          nicolae_quartered_pool_medium
Lair:8:   minmay_lair_end_frog_pond, nicolae_volcano_entry_two_sided
Swamp:1:  hangedman_swamp_pad, infiniplex_staircase_pool
Swamp:2:  evilmike_swamp_ruin_house_4
Swamp:3:  cheibrodos_swamp_tower_of_moss, evilmike_swamp_ruin_house_3
Swamp:4:  swamp_old_school, uniq_nikola
Snake:1:  basic_altar
Snake:2:  spider_trap
Snake:3:  basic_altar
Snake:4:  minmay_snake_end_coiled, nicolae_snake_single_loop
Orc:1:    uniq_erica
Orc:2:    basic_altar
Orc:3:    nicolae_orc_pool_cavern
Orc:4:    grunt_orc_gardens, grunt_orc_garden, grunt_orc_garden,
          grunt_orc_garden, grunt_orc_garden
Elf:1:    eino_elf_arrival_shootout, serial_shops, shop, hangedman_elf_disciples
Elf:2:    serial_shops, shop, shop, nicolae_shop_statue_plus
Vaults:1: v_misc_1, hangedman_vaults_snaps, vaults_dpeg_cross,
          hangedman_vaults_unwind, grunt_vaults_funnel,
          nicolae_vaults_little_squares_4, nicolae_vaults_sealed_display,
          hangedman_vaults_stream, nicolae_vaults_little_squares_5,
          ontoclasm_vaults_twist, v_misc_17, nicolae_vaults_angled_halls,
          serial_shops, shop_scrolls
Vaults:2: v_misc_32, nicolae_vaults_quartermaster, nicolae_vaults_theta,
          v_rooms_3, grunt_vaults_trifunnel, v_misc_11,
          hangedman_vaults_stretched_pinwheel, v_misc_27, v_pattern_5,
          ontoclasm_vaults_hangar, vaults_mumra_lcd, serial_shops,
          nicolae_shop_temple_entry_statues_fountains, enter_trove_5
Vaults:3: v_misc_15, minmay_crypt_entry_simple_sparse,
          nicolae_vaults_little_squares_1, hangedman_vaults_stitches,
          nicolae_vaults_border_crossing, sword_in_stone, vaults_dpeg_ring,
          serial_shops, shop, uniq_boris
Vaults:4: v_misc_2, vaults_room_pool, nicolae_vaults_know_your_exits,
          vaults_mumra_minichess_inversion, v_misc_9, vaults_room_corners,
          vaults_dpeg_encased_lava, nicolae_vaults_yaktaur_gun_rack,
          serial_shops, shop, shop, shop
Vaults:5: uniq_mara
Depths:1: grunt_hell_entry_dis_mu, pan_entry, serial_sigils_hangedman_carve,
          hangedman_decor_push, due_unseen_surprise
Depths:2: minmay_fractal_lines_corner, serial_shops, nicolae_shop_trees,
          hangedman_decor_diamond_cutter, hell_entry, pan_entry,
          serial_sigils_hangedman_stare, kennysheep_just_a_vault,
          infiniplex_staircase_pillars_1, uniq_saint_roka, uniq_sojobo
Depths:3: hangedman_crystal_crosses_colossus, pan_entry, hell_entry
Depths:4: cell_vault, nicolae_abyss_entry_one_way_or_another,
          pf_vacation_house_of_asmodeus, serial_shops, shop_fountains,
          minmay_misc_feat_secret_circle, uniq_boris, uniq_frederick,
          uniq_enchantress
Depths:5: grunt_zot_entry_funnels, hell_entry, hangedman_decor_lopped,
          tso_metal_star, uniq_mennas, uniq_boris, uniq_jorgrun
Zot:2:    nicolae_moth_party
Zot:4:    lemuel_acid_trip
Lab:      labyrinth_hidden_loot, labyrinth_glass_1, labyrinth_skeletal_remains
Sewer:    sewer_frog_island_01
IceCv:    ice_cave_tombish
Volcano:  volcano_bunker

Action                   |  1- 3 |  4- 6 |  7- 9 | 10-12 | 13-15 | 16-18 | 19-21 | 22-24 | 25-27 || total
-------------------------+-------+-------+-------+-------+-------+-------+-------+-------+-------++-------
Melee: Unarmed           |   147 |   226 |   307 |   494 |   962 |  1355 |  1406 |  1081 |  1287 ||  7265
 Fire: Blowgun           |       |       |    27 |    33 |    15 |       |       |       |       ||    75
Throw: Stone             |    24 |    22 |    25 |       |       |       |       |       |       ||    71
 Cast: Spider Form       |       |       |     2 |     2 |       |       |       |       |       ||     4
       Blade Hands       |       |       |       |    25 |    75 |    75 |    61 |    47 |    49 ||   332
       Haste             |       |       |       |       |       |       |       |    14 |    20 ||    34
       Controlled Blink  |       |       |       |       |       |       |       |       |     2 ||     2
       Phase Shift       |       |       |       |       |       |       |       |       |     6 ||     6
       Summon Butterflie |       |       |       |       |       |       |       |       |     1 ||     1
       Deflect Missiles  |       |       |       |       |       |       |       |       |     1 ||     1
Invok: Minor Destruction |       |       |    20 |   245 |   488 |   156 |   114 |    38 |    12 ||  1073
       Lesser Servant of |       |       |       |     9 |    18 |    13 |     5 |     5 |       ||    50
       Major Destruction |       |       |       |     6 |    10 |     7 |     8 |     3 |       ||    34
       Greater Servant o |       |       |       |       |     6 |     1 |     4 |     1 |       ||    12
 Abil: End Transformatio |       |       |       |       |     1 |     2 |     5 |     2 |       ||    10
       Evoke Flight      |       |       |       |       |     2 |     1 |     1 |     1 |       ||     5
  Use: Scroll            |     1 |    11 |     5 |    14 |     7 |     6 |    12 |     4 |     9 ||    69
       Potion            |       |       |     3 |     2 |       |     1 |       |       |       ||     6
 Stab: Sleeping          |     3 |       |     2 |     4 |    10 |     3 |       |       |       ||    22
       Distracted        |       |       |     1 |     3 |     7 |     5 |     2 |     5 |     2 ||    25
       Confused          |       |       |       |       |       |     1 |     1 |       |       ||     2
  Eat: Chunk             |     3 |     6 |    14 |    35 |    76 |    31 |    46 |    53 |   147 ||   411
       Pizza             |       |       |       |     1 |       |     2 |     2 |       |       ||     5
       Beef jerky        |       |       |       |     1 |       |     2 |     1 |     2 |     2 ||     8
       Meat ration       |       |       |       |       |       |     3 |       |       |       ||     3
       Bread ration      |       |       |       |       |       |     1 |       |       |       ||     1
       Fruit             |       |       |       |       |       |     3 |       |       |       ||     3
